 Dungeon Crawl Stone Soup version 0.29.1-15-g9cfb28693d (webtiles) character file.

Game seed: 1904430879463111399

91 Peloso the Covered (level 4, -26/40 HPs)
             Began as a Minotaur Fighter on Apr 22, 2023.
             Annihilated by an ogre
             ... wielding a +0 giant spiked club
              (35 damage)
             ... on level 4 of the Dungeon.
             The game lasted 00:03:40 (1953 turns).

Peloso the Covered (Minotaur Fighter)               Turns: 1953, Time: 00:03:41

Health: -26/40     AC:  8    Str: 21    XL:     4   Next: 33%
Magic:  3/3        EV:  9    Int:  5    God:
Gold:   107        SH:  4    Dex: 11    Spells: 3/3 levels left

rFire   . . .      SeeInvis .   a - +0 long sword
rCold   . . .      Faith    .   d - +0 buckler
rNeg    . . .      Spirit   .   b - +0 scale mail
rPois   .          Reflect  .   (helmet restricted)
rElec   .          Harm     .   (no cloak)
rCorr   .          Rampage  .   (no gloves)
Will    .....                   c - +0 pair of boots
Stlth   ..........              (no amulet)
HPRegen 0.13/turn               (no ring)
MPRegen 0.08/turn               (no ring)

@: mighty
A: horns 2, retaliatory headbutt
a: no special abilities


You were on level 4 of the Dungeon.
You visited 1 branch of the dungeon, and saw 4 of its levels.

You collected 107 gold pieces.

Inventory:

Hand Weapons
 a - a +0 long sword (weapon)
Armour
 b - a +0 scale mail (worn)
 c - a +0 pair of boots (worn)
 d - a +0 buckler (worn)
Jewellery
 f - a ring of see invisible
Scrolls
 i - a scroll of torment {unknown}
 j - 3 scrolls of identify
Potions
 e - a potion of brilliance {unknown}
 g - a potion of degeneration {unknown}
 h - a potion of magic
 k - a potion of curing {unknown}
 m - a potion of haste {unknown}


   Skills:
 + Level 4.1 Fighting
 + Level 3.1 Long Blades
 + Level 4.5 Armour
 + Level 1.2 Dodging
 + Level 0.7 Stealth
 + Level 4.2 Shields


You had 3 spell levels left.
You didn't know any spells.
Your spell library contained the following spells:

 Spells                   Type           Power      Damage    Failure   Level
 Apportation              Tloc           0%         N/A       88%         1
 Call Canine Familiar     Summ           0%         N/A       99%         3
 Portal Projectile        Hex/Tloc       0%         N/A       99%         3
 Leda's Liquefaction      Hex/Erth       0%         N/A       100%        4
 Alistair's Intoxication  Tmut/Pois      0%         N/A       100%        5


Dungeon Overview and Level Annotations

Branches:
Dungeon (4/15)
 Temple: D:4-7

Altars:

Annotations:
D:2 1 runed translucent door, Crazy Yiuf


Innate Abilities, Weirdness & Mutations

You have a pair of horns on your head.
You reflexively headbutt those who attack you in melee.


Message History

You see here a +0 dagger.
Key pressed, stopping explore.
You see here a +0 dagger.
There is a stone staircase leading down here.
Items here: ( ))) [[.
Crazy Yiuf shouts!
(D) Dungeon
Where to? (Enter - D:12, ? - help)
You see here a +0 dagger.
There is a stone staircase leading down here.
You climb downwards.
There is a stone staircase leading up here.
Items here: ))))) รทรท.
There is a stone staircase leading down here.
You climb downwards.
Found a helmet.
There is a stone staircase leading up here.
Sorry, I don't know how to get there.
You see here a +0 helmet.
An ogre comes into view. It is wielding a +0 giant spiked club.
The ogre shouts!
You hear a shout!
A quokka comes into view.
There are monsters nearby!
There are monsters nearby!
You feel very mighty all of a sudden.
You slash the ogre! Your headbutt misses the ogre.
The ogre is moderately wounded.
The ogre hits you but does no damage.
You slash the ogre!
The ogre is severely wounded.
The ogre hits you with a +0 giant spiked club!!
Ouch! That really hurt!
* * * LOW HITPOINT WARNING * * *
You hit the ogre.
The ogre is severely wounded.
You barely miss the ogre.
The ogre is severely wounded.
The ogre hits you with a +0 giant spiked club!!
Ouch! That really hurt!
You die...

### #.#
#######.#
#<.....[#
#######.#
####.#
#...@#
#....Or.....
#....#......
####.#......
#.# ..##.
#.# ..# #.#
.. #.. ...


You could see an ogre and a quokka.

Vanquished Creatures
  Robin (D:2)
  2 adders
  4 dart slugs
  3 ball pythons
  4 bats
  2 endoplasms (D:1)
  A giant cockroach (D:2)
  15 goblins
  8 hobgoblins
  2 quokkas (D:1)
  2 frilled lizards
  3 kobolds
  A rat (D:2)
48 creatures vanquished.

Notes
Turn   | Place    | Note
-------+----------+-------------------------------------------
     0 | D:1      | Peloso the Minotaur Fighter began the quest for the Orb.
     0 | D:1      | Reached XP level 1. HP: 19/19 MP: 0/0
    53 | D:1      | Reached XP level 2. HP: 27/27 MP: 1/1
   135 | D:1      | Found a faded altar of an unknown god.
   816 | D:2      | Reached XP level 3. HP: 33/33 MP: 2/2
   965 | D:2      | Noticed Robin
  1144 | D:3      | Reached skill level 1 in Dodging
  1297 | D:2      | Reached XP level 4. HP: 40/40 MP: 3/3
  1311 | D:2      | Killed Robin
  1704 | D:2      | Found a runed translucent door.
  1705 | D:2      | Noticed Crazy Yiuf
  1947 | D:4      | Noticed an ogre
  1953 | D:4      | Annihilated by an ogre

Illustrated notes

Levels and vault maps discovered:
D:1:      dpeg_arrival_lava_temple_mockup, layout_rooms,
          ebering_ecumenical_altar_abandoned
D:2:      layout_basic, minmay_pentomino_r2, uniq_crazy_yiuf_cottage, uniq_robin
D:3:      layout_basic, mainiacjoe_overflow_cross_hatched, serial_shops,
          nicolae_shop_crystal, chequers_serial_rivers_micro_c
D:4:      minmay_evil_eye, layout_basic, nicolae_overflow_crystal_walls,
          amcnicky_altar_gilded, mainiacjoe_overflow_alcove_1,
          minmay_temple_entry_grid, hangedman_minor_gate_pass, uniq_grinder

Skill      XL: |  1  2  3 |
---------------+----------+-----
Shields        | 4 |  4.2
Armour         | 4 |  4.5
Fighting       | 4 |  4.1
Long Blades    | 3 |  3.1
Dodging        | 1 |  1.2
Stealth        | |  0.7

Action                   |  1- 3 |  4- 6 || total
-------------------------+-------+-------++-------
Melee: Long sword        |    84 |    23 ||   107
       Headbutt          |     8 |     1 ||     9
  Use: Scroll            |     2 |       ||     2
       Potion            |       |     1 ||     1
Armor: Scale mail        |    78 |     6 ||    84
Dodge: Dodged            |    70 |     6 ||    76
Block: Buckler           |    33 |     4 ||    37
